 Dungeon Crawl Stone Soup version 0.27-a0-1147-gb3d8e82157 (webtiles) character file.

Game seed: 2482827014734193197

3193 freelancePsychic the Archer (level 9, -2/74 HPs)
             Began as a Minotaur Hunter on May 11, 2021.
             Was a Follower of Okawaru.
             Slain by a centaur warrior
             ... wielding a +0 dagger
              (8 damage)
             ... on level 8 of the Dungeon.
             The game lasted 00:15:18 (8195 turns).

freelancePsychic the Archer (Minotaur Hunter)       Turns: 8195, Time: 00:15:19

Health: -2/74      AC: 11    Str: 21    XL:     9   Next: 64%
Magic:  8/8        EV:  8    Int:  8    God:    Okawaru [*.....]
Gold:   470        SH:  0    Dex: 10    Spells: 8/8 levels left

rFire    . . .     SeeInvis .   a - +2 shortbow
rCold    + . .     Faith    .   (shield currently unavailable)
rNeg     . . .     Spirit   .   s - +0 chain mail
rPois    .         Reflect  .   (helmet restricted)
rElec    .         Harm     .   (no cloak)
rCorr    .         Rampage  .   g - +0 pair of gloves
Will     .....                  (no boots)
Stlth    ..........             (no amulet)
HPRegen  0.22/turn              w - +4 ring of slaying
MPRegen  0.11/turn              i - ring of protection from cold

@: brilliant
A: horns 2, retaliatory headbutt
a: Renounce Religion, Heroism


You were on level 8 of the Dungeon.
You worshipped Okawaru.
Okawaru was aware of your devotion.
You visited 2 branches of the dungeon, and saw 9 of its levels.

You collected 470 gold pieces.

Inventory:

Hand Weapons
 a - a +2 shortbow (weapon)
 b - a +1 dagger of electrocution
 j - a +0 short sword
 o - a +1 short sword of draining
Missiles
 d - 98 arrows (quivered ammo)
 r - 2 boomerangs of dispersal
Armour
 c - a +0 leather armour
 g - a +0 pair of gloves (worn)
 s - a +0 chain mail (worn)
Jewellery
 f - a ring of ice
 i - a ring of protection from cold (right hand)
 k - a ring of positive energy
 m - an amulet of magic regeneration
 w - a +4 ring of slaying (left hand)
Wands
 y - a wand of iceblast (6)
 B - a wand of digging (7)
 G - a wand of polymorph (2)
Scrolls
 h - 2 scrolls of identify {@r1}
 l - a scroll of silence
 n - 2 scrolls of enchant armour
 t - a scroll of magic mapping
 v - a scroll of vulnerability
 x - a scroll of enchant weapon
 C - a scroll of torment
 E - a scroll of holy word
 F - a scroll of amnesia
Potions
 e - a potion of attraction
 p - 4 potions of curing {@q1}
 q - a potion of flight {unknown}
 u - a potion of mutation {unknown}
 z - a potion of brilliance
 A - a potion of haste {unknown}
 D - 2 potions of ambrosia {unknown}


   Skills:
 - Level 5.6 Fighting
 * Level 13.3 Bows
 - Level 5.5 Armour
 - Level 2.1 Dodging
 - Level 0.7 Stealth


You had 8 spell levels left.
You didn't know any spells.
Your spell library contained the following spells:

 Spells                   Type           Power      Damage    Failure   Level
 Animate Skeleton         Necr           0%         N/A       98%         1
 Magic Dart               Conj           0%         1d3       98%         1
 Pain                     Necr           0%         1d4       98%         1
 Shock                    Conj/Air       0%         1d3       98%         1
 Searing Ray              Conj           0%         3d3       99%         2
 Static Discharge         Conj/Air       0%         N/A       99%         2
 Dazzling Flash           Conj/Hex       0%         N/A       100%        3
 Swiftness                Air            0%         N/A       100%        3
 Vampiric Draining        Necr           0%         2d6       100%        3
 Airstrike                Air            0%         N/A       100%        4
 Animate Dead             Necr           0%         N/A       100%        4
 Fulminant Prism          Conj/Hex       0%         3d6       100%        4
 Iskenderun's Mystic Bla  Conj/Tloc      0%         2d3       100%        4
 Agony                    Necr           0%         N/A       100%        5
 Lightning Bolt           Conj/Air       0%         1d11      100%        5


Dungeon Overview and Level Annotations

Branches:
Dungeon (8/15)             Temple (1/1) D:7
   Lair: D:8-11

Altars:
Ashenzari
Cheibriados
Dithmenos
Elyvilon
Fedhas
Gozag
Hepliaklqana
Kikubaaqudgha
Makhleb
Nemelex Xobeh
Okawaru
Qazlal
Ru
Sif Muna
Trog
Uskayaw
Vehumet
Wu Jian
Xom
Yredelemnul
Zin
The Shining One
Beogh

Annotations:
D:5 3 runed translucent doors, Scarexists's ghost, weakling HuDe


Innate Abilities, Weirdness & Mutations

You have a pair of horns on your head.
You reflexively headbutt those who attack you in melee.


Message History

You shoot an arrow. The arrow hits the howler monkey!
You kill the howler monkey!
Okawaru accepts your kill.
You shoot an arrow.
The arrow completely misses the centaur warrior.
The centaur warrior shoots an arrow.
The arrow closely misses you.
You shoot an arrow. The arrow hits the centaur warrior!
The centaur warrior is moderately wounded.
The centaur warrior shoots an arrow.
The arrow hits you!
You shoot an arrow. The arrow hits the centaur warrior.
The centaur warrior is moderately wounded.
The centaur warrior shoots an arrow.
The arrow barely misses you.
You shoot an arrow.
The arrow closely misses the centaur warrior.
The centaur warrior shoots an arrow.
The arrow barely misses you.
You shoot an arrow.
The arrow closely misses the centaur warrior.
The centaur warrior shoots an arrow.
The arrow hits you!!
You are too injured to fight recklessly!
You are too injured to fight recklessly!
You are too injured to fight recklessly!
You are too injured to fight recklessly!
You are too injured to fight recklessly!
You are too injured to fight recklessly!
You are too injured to fight recklessly!
You are too injured to fight recklessly!
You are too injured to fight recklessly!
The centaur warrior shoots an arrow.
The arrow hits you!
* * * LOW HITPOINT WARNING * * *
x2
Okay, then.
You feel better.
The centaur warrior unwields a +1 vorpal shortbow.
The centaur warrior wields a +0 dagger.
The centaur warrior hits you with a +0 dagger!
* * * LOW HITPOINT WARNING * * *
The centaur warrior kicks you but does no damage.
It was a potion of brilliance.
You feel clever all of a sudden.
The centaur warrior hits you with a +0 dagger!
You die...

... ..# #. . #.# .. ..
#.### ### .. ...
#...############.. .(
.... #.#.....#.........
(. .(...
#(#####..........#
.#...(#(#####...........
......c@.......)........
...##....#####..<...####
#....# #....### #
.......# ###### # #.
#....#..# # ..
.........# # ##
###......# . # ########
. #


You could see a centaur warrior.

Vanquished Creatures
  A troll (D:7)
  A steam dragon (D:6)
  Eustachio (D:6)
  A vampire mosquito (D:8)
  A water moccasin (D:7)
  2 ice beasts
  An ogre (D:6)
  2 sky beasts
  2 necrophages (D:5)
  4 centaurs
  2 bullfrogs
  A wyvern zombie (D:7)
  5 scorpions
  A water moccasin skeleton (D:5)
  2 howler monkeys
  A wight (D:7)
  A bullfrog zombie (D:4)
  A centaur zombie (D:5)
  3 jellies
  4 orc priests
  A hound (D:5)
  3 bullfrog skeletons
  A centaur skeleton (D:7)
  A gnoll shaman (D:4)
  An iguana (D:7)
  3 orc wizards
  2 scorpion zombies (D:5)
  A killer bee zombie (D:7)
  8 gnolls
  8 adders
  A shadow imp (D:7)
  A white imp (D:6)
  An ufetubus (D:4)
  2 adder skeletons
  A worm (D:2)
  2 dart slugs
  26 orcs
  6 ball pythons
  8 endoplasms
  11 giant cockroaches
  11 goblins
  9 hobgoblins
  8 jackals
  2 quokkas (D:5)
  5 bats
  3 frilled lizards
  7 kobolds
  5 rats
175 creatures vanquished.

Notes
Turn   | Place    | Note
-------+----------+-------------------------------------------
     0 | D:1      | freelancePsychic the Minotaur Hunter began the quest for
                  | the Orb.
     0 | D:1      | Reached XP level 1. HP: 18/18 MP: 0/0
   155 | D:1      | Reached XP level 2. HP: 25/25 MP: 1/1
   400 | D:1      | Reached skill level 5 in Bows
   575 | D:1      | Reached XP level 3. HP: 31/31 MP: 2/2
   590 | D:1      | Found a faded altar of an unknown god.
  1112 | D:2      | Reached XP level 4. HP: 26/38 MP: 3/3
  1928 | D:2      | Reached skill level 6 in Bows
  2191 | D:3      | Reached XP level 5. HP: 46/46 MP: 4/4
  2869 | D:4      | Reached skill level 7 in Bows
  2871 | D:4      | Reached XP level 6. HP: 53/53 MP: 5/5
  2900 | D:4      | Reached skill level 5 in Fighting
  3360 | D:4      | Identified the +1 short sword "Giggeit" {drain, Int+4 SInv}
  3454 | D:4      | Noticed an ice beast
  3464 | D:4      | Killed an ice beast
  3465 | D:4      | Reached skill level 8 in Bows
  3465 | D:4      | Reached XP level 7. HP: 42/61 MP: 6/6
  3814 | D:5      | Entered Level 5 of the Dungeon
  3880 | D:5      | Reached skill level 1 in Armour
  4223 | D:5      | Reached skill level 9 in Bows
  4359 | D:5      | Reached XP level 8. HP: 69/69 MP: 7/7
  4453 | D:5      | Found a runed translucent gate.
  4454 | D:5      | Found a runed translucent gate.
  4455 | D:5      | Found a runed translucent gate.
  4457 | D:5      | Noticed Scarexists's ghost (weakling HuDe)
  4457 | D:5      | Identified the +2 whip "Dutoej" {venom, rElec rPois rC++
                  | Int+4}
  4457 | D:5      | Identified the +0 chain mail "Trusted Companion" {-Cast
                  | rElec Dex+3}
  4458 | D:5      | Identified the +1 plate armour of Immorality {rF+ Regen+}
  4500 | D:5      | Reached skill level 10 in Bows
  5004 | D:6      | Noticed Eustachio
  5013 | D:6      | Killed Eustachio
  5014 | D:6      | Reached skill level 5 in Armour
  5059 | D:6      | Reached skill level 11 in Bows
  5251 | D:6      | Reached XP level 9. HP: 59/74 MP: 8/8
  5622 | D:7      | Found a basalt altar of Yredelemnul.
  5628 | D:7      | Found a staircase to the Ecumenical Temple.
  5673 | Temple   | Entered the Ecumenical Temple
  5942 | Temple   | Became a worshipper of Warmaster Okawaru
  6304 | D:7      | Reached skill level 12 in Bows
  7067 | D:8      | Noticed a cyclops
  7070 | D:8      | Noticed a troll
  7411 | D:7      | Killed a troll
  7411 | D:7      | Reached * piety under Okawaru
  7412 | D:7      | Reached skill level 13 in Bows
  7543 | D:8      | Noticed a centaur warrior
  8195 | D:8      | Slain by a centaur warrior

Illustrated notes

Levels and vault maps discovered:
D:1:      noname_arrival_rooms_in_the_neighbourhood, layout_rooms,
          basic_ecumenical_altar, minmay_misc_feat_nine_boxes
D:2:      kennysheep_six_static_rooms, layout_basic, minmay_box_of_dots
D:3:      layout_loops_ring, mrwooster_statue_mirror
D:4:      layout_loops_cross
D:5:      layout_cave_pools, biasface_ghost_orc_armoury
D:6:      layout_cave_pools, uniq_eustachio
D:7:      kb_forest_paths, layout_basic, yredelemnul_altar_generic,
          temple_pool_b
D:8:      minmay_cut_squares, layout_cave_pods, uniq_grum
Temple:   regret_index_temple_sigil_plot

Skill      XL: |  1  2  3  4  5  6  7  8  9 |
---------------+----------------------------+-----
Bows           | 5 6 7 8 9 11 13 | 13.3
Fighting       | 3 4 5 |  5.6
Armour         | 3 5 |  5.5
Dodging        | |  2.1
Stealth        | |  0.7

Action                   |  1- 3 |  4- 6 |  7- 9 || total
-------------------------+-------+-------+-------++-------
Melee: Dagger            |    53 |   141 |    24 ||   218
       Headbutt          |     5 |    24 |     7 ||    36
 Fire: Shortbow          |    39 |    18 |   239 ||   296
  Use: Scroll            |     3 |     3 |    10 ||    16
       Potion            |       |       |     6 ||     6
Armor: Leather armour    |    19 |       |       ||    19
       Ring mail         |       |    23 |       ||    23
       Chain mail        |       |    46 |    51 ||    97
Dodge: Dodged            |    54 |    63 |    44 ||   161

Table legend: (Time is in decaauts)
 A = Elapsed time spent in this place.
 B = Non-inter-level travel time spent in this place.
 C = Inter-level travel time spent in this place.
 D = Time resting spent in this place.
 E = Time spent auto-exploring this place.
 F = Levels seen in this place.
 G = Mean time per level.
                   A        B        C        D        E       F      G
               +--------+--------+--------+--------+--------+-----+--------+
         Total |   8142 |   7763 |    379 |    586 |   6122 |   9 |  904.7 |
       Dungeon |   7847 |   7494 |    353 |    586 |   5863 |   8 |  980.9 |
        Temple |    294 |    269 |     25 |      0 |    259 |   1 |  294.0 |
               +--------+--------+--------+--------+--------+-----+--------+

Top non-repeatable levels by time:
     D:7: 1954 daAuts
     D:4: 1257 daAuts
     D:2: 1199 daAuts
     D:1: 831 daAuts
     D:6: 807 daAuts
     D:5: 755 daAuts
     D:3: 742 daAuts
     D:8: 297 daAuts
  Temple: 294 daAuts
